 Dungeon Crawl Stone Soup version 0.30.0-29-ga12c61a403 (webtiles) character file.

Game seed: 12313570159507544745

9557 ChrisAssaf the Reanimator (level 11, -3/67 (78) HPs)
             Began as a Demonspawn Necromancer on June 25, 2023.
             Was an Elder of Cheibriados.
             Engulfed by a swamp dragon's poison gas (7 damage)
             ... on level 1 of the Swamp on June 26, 2023.
             The game lasted 00:52:57 (9935 turns).

ChrisAssaf the Reanimator (Demonspawn Necromancer)  Turns: 9935, Time: 00:52:57

HP:   -3/67 (78)    AC: 14    Str: 21    XL:     11   Next: 24%
MP:   1/29          EV: 14    Int: 23    God:    Cheibriados [****..]
Gold: 299           SH:  9    Dex: 25    Spells: 5/22 levels left

rFire   . . .        q - +0 quarterstaff
rCold   + . .        (shield currently unavailable)
rNeg    . . .        j - +1 ring mail of Daisies {+Inv rC+ Int-4}
rPois   .            (helmet unavailable)
rElec   .            D - +2 cloak
rCorr   .            (no gloves)
SInv    +            (no boots)
Will    .....        v - amulet of reflection
Stlth   +++          d - +4 ring of protection
HPRegen 0.31/turn    k - ring of magical power
MPRegen 0.21/turn

%: reflection
@: mighty, lethally poisoned (-3 -> -53), hasted, heavily drained, slow
A: antennae 3, large bone plates 1, demonic guardian 1, spiny 1
a: Renounce Religion, Evoke Invisibility, Bend Time, Temporal Distortion, Slouch


You were on level 1 of the Swamp.
You worshipped Cheibriados.
Cheibriados was greatly pleased with you.
You visited 3 branches of the dungeon, and saw 11 of its levels.

You collected 568 gold pieces.
You spent 269 gold pieces at shops.

Inventory:

Hand Weapons
 q - a +0 quarterstaff (weapon)
Missiles
 e - a poisoned dart
 G - a boomerang (quivered)
Armour
 a - a +0 robe
 j - the +1 ring mail of Daisies (worn) {+Inv rC+ Int-4}
   (You found it on level 2 of the Dungeon)

   Int:       It affects your intelligence (-4).
   rC:        It protects you from cold.
   +Inv:      It lets you turn invisible.
 D - a +2 cloak (worn)
Jewellery
 b - a +6 ring of intelligence
 d - a +4 ring of protection (left hand)
 k - a ring of magical power (right hand)
 t - a +6 ring of intelligence
 v - an amulet of reflection (around neck)
 B - a +4 ring of protection
Wands
 y - a wand of mindburst (5)
Scrolls
 f - 2 scrolls of fear
 i - a scroll of noise
 o - 2 scrolls of poison
 r - 7 scrolls of magic mapping
 u - 2 scrolls of fog
 w - a scroll of torment
 C - a scroll of immolation
 E - 2 scrolls of vulnerability
 F - a scroll of amnesia
 I - 2 scrolls of teleportation
Potions
 g - a potion of degeneration {unknown}
 h - a potion of ambrosia {unknown}
 l - 4 potions of attraction
 m - 2 potions of might
 n - 2 potions of haste
 p - 2 potions of berserk rage {unknown}
 s - 2 potions of lignification {unknown}
 H - 2 potions of resistance {unknown}
 K - a potion of mutation {unknown}


   Skills:
 * Level 4.9 Fighting
 * Level 4.8 Staves
 * Level 4.2 Throwing
 * Level 4.5 Armour
 * Level 4.4 Dodging
 * Level 4.8 Stealth
 + Level 1.2 Shields
 + Level 0.1 Unarmed Combat
 * Level 6.1 Spellcasting
 * Level 4.2 Conjurations
 * Level 8.4 Necromancy
 * Level 3.7 Earth Magic
 * Level 5.5 Invocations
 * Level 4.3 Evocations


You had 5 spell levels left.
You knew the following spells:

 Your Spells              Type           Power      Damage    Failure   Level
a - Stone Arrow           Conj/Erth      50%        3d10      8%          3
b - Vampiric Draining     Necr           45%        2d9       1%          3
c - Animate Dead          Necr           45%        N/A       4%          4
d - Agony                 Necr           45%        N/A       12%         5
e - Static Discharge      Conj/Air       32%        2-4/arc   9%          2

Your spell library contained the following spells:

 Spells                   Type           Power      Damage    Failure   Level
 Necrotise                Necr           100%       1d9       1%          1
 Sandblast                Erth           48%        2d12      2%          1
 Passwall                 Tmut/Erth      12%        N/A       9%          2
 Sting                    Tmut/Pois      28%        1d4       13%         1
 Dazzling Flash           Conj/Hex       32%        N/A       17%         3
 Poisonous Vapours        Pois/Air       14%        N/A       21%         2
 Volatile Blastmotes      Fire/Tloc      14%        2d11      36%         3
 Iskenderun's Mystic Bla  Conj/Tloc      16%        2d5       50%         4
 Airstrike                Air            3%         2d(1-17)  77%         4
 Olgreb's Toxic Radiance  Pois           7%         N/A       78%         4
 Summon Lightning Spire   Summ/Air       7%         N/A       78%         4
 Starburst                Conj/Fire      8%         6d4       100%        6


Dungeon Overview and Level Annotations

Branches:
Dungeon (8/15)             Temple (0/1) D:5            Lair (2/5) D:8
  Swamp (1/4) Lair:2
  Snake: Lair:2-3    Spider: Lair:2-3

Altars:
Ashenzari
Cheibriados
Gozag

Shops:
D:8 ?

Annotations:
Lair:1 2 transporters, exclusion: 2 oklob plants, suzumiya's ghost, novice MiFi


Innate Abilities, Weirdness & Mutations

You have a pair of large antennae on your head. (SInv)
You are partially covered in large bone plates. (SH +4)
A weak demonic guardian rushes to your aid.
You are partially covered in sharp spines.


Message History

The tyrant leech looks frightened!
Your white imp closely misses the tyrant leech.
Aiming: Throw Flame
Press: ? - help, Shift-Dir - straight line, f/p - tyrant leech
Aim: a tyrant leech (almost dead, fleeing, ally target, 57% to hit)
The puff of flame hits the tyrant leech!
You kill the tyrant leech!
Cheibriados appreciates the change of pace.
Unknown command.
Aiming: Throw Flame
Press: ? - help, Shift-Dir - straight line, f - swamp dragon
Aim: a swamp dragon (thin mist, heavily wounded, fleeing, ally target, 84% to hit)
The puff of flame hits the swamp dragon.
The swamp dragon is heavily wounded.
Your attack snaps the swamp dragon out of its fear.
The now-empty wand crumbles to dust.
The swamp dragon breathes poison at you.
The blast of poison engulfs you but does no damage.
You are poisoned.
Unknown command.
It was a potion of might.
You feel very mighty all of a sudden.
You are engulfed in poison gas.
You are lethally poisoned!
* * * LOW HITPOINT WARNING * * *
x2 You feel very sick.
Your white imp hits the swamp dragon but does no damage.
It was a potion of haste.
You feel yourself speed up.
Cheibriados forgives your accidental hurry, just this once.
You are engulfed in poison gas.
You are more poisoned.
* * * LOW HITPOINT WARNING * * *
A demonic guardian appears!
* * * LOW HITPOINT WARNING * * *
You feel very sick.
You barely miss the swamp dragon.
The swamp dragon is heavily wounded.
You are engulfed in poison gas.
You are more poisoned.
You die...

♣♣~. ...(~.~♣
♣♣~..~ ..~§~.♣
♣....~ ..~~~.♣
.~... ~..~§.♣
..~♣♣~♣..♣ .
♣♣...~.~♣
...♣.~†...♣♣♣
§.~...°○○..[♣
?...~~°@°...♣
~~.~~5D○○..~.♣
~~.~~5....~§§♣
...~§§......♣♣
...§§~~.~...♣
.♣~..~§.♣♣♣♣♣
♣♣....~♣
♣♣♣~~♣♣


You could see a swamp dragon (ally target), a friendly quasit (summoned) and a
friendly white imp (summoned).

Vanquished Creatures
  A boulder beetle (Lair:2)
  An alligator (Swamp:1)
  3 cane toads
  A torpor snail (Lair:2)
  2 rime drakes
  A komodo dragon (Lair:1)
  A tyrant leech (Swamp:1)
  A polar bear (Lair:2)
  2 dream sheep (Lair:2)
  6 yaks (D:6)
  2 vampire mosquitoes (Swamp:1)
  2 wargs (D:8)
  A spectral cane toad (Lair:2)
  3 water moccasins
  A floating eye (Lair:1)
  A sky beast (D:8)
  3 ogres
  A spectral rime drake (Lair:2)
  A phantom (D:7)
  7 bullfrogs
  2 spectral water moccasins (Lair:2)
  A scorpion (D:6)
  6 wights
  2 hounds
  A jelly (D:7)
  Crazy Yiuf (D:3)
  6 orc priests
  Ijyb (D:5)
  3 iguanas
  5 orc wizards
  Robin (D:3)
  8 adders
  A white imp (D:5)
  An ufetubus (D:5)
  A worm (D:5)
  4 dart slugs
  23 orcs
  2 ball pythons (D:3)
  9 endoplasms
  6 giant cockroaches
  7 hobgoblins
  9 jackals
  5 quokkas
  3 bats
  4 frilled lizards
  17 goblins
  4 kobolds
  7 rats
181 creatures vanquished.

Vanquished Creatures (collateral kills)
  2 ghost crabs
  A cane toad (Lair:2)
  A warg (D:8)
  A spectral cane toad (Lair:2)
  A hobgoblin (D:1)
6 creatures vanquished.

Grand Total: 187 creatures vanquished

Notes
Turn   | Place    | Note
-------+----------+-------------------------------------------
     0 | D:1      | ChrisAssaf the Demonspawn Necromancer began the quest for
                  | the Orb.
     0 | D:1      | Reached XP level 1. HP: 13/13 MP: 3/3
   202 | D:1      | Gained mutation: You have a pair of small antennae on your
                  | head. [demonic ancestry]
   202 | D:1      | Reached XP level 2. HP: 20/20 MP: 0/5
   388 | D:2      | Identified the +1 ring mail of Daisies {+Inv rC+ Int-4}
   601 | D:2      | Found a faded altar of an unknown god.
   620 | D:2      | Prayed at the altar of an unknown god.
   620 | D:2      | Became a worshipper of Cheibriados the Contemplative
   620 | D:2      | Reached * piety under Cheibriados
  1087 | D:1      | Reached XP level 3. HP: 21/25 MP: 6/6
  1129 | D:1      | Learned a level 3 spell: Vampiric Draining
  1303 | D:1      | Reached skill level 5 in Necromancy
  1635 | D:3      | Reached ** piety under Cheibriados
  1827 | D:3      | Reached XP level 4. HP: 28/31 MP: 7/7
  1848 | D:3      | Found a runed translucent door.
  1849 | D:3      | Noticed Crazy Yiuf
  1858 | D:3      | Killed Crazy Yiuf
  2014 | D:3      | Learned a level 4 spell: Animate Dead
  2025 | D:3      | Noticed Robin
  2078 | D:3      | Killed Robin
  2079 | D:3      | Reached skill level 1 in Armour
  2458 | D:4      | Reached *** piety under Cheibriados
  2515 | D:4      | Gained mutation: You have a pair of antennae on your head.
                  | [demonic ancestry]
  2515 | D:4      | Reached XP level 5. HP: 36/36 MP: 9/9
  2711 | D:4      | Reached skill level 1 in Invocations
  2776 | D:4      | Reached skill level 1 in Evocations
  2794 | D:4      | Reached skill level 1 in Fighting
  2827 | D:4      | Reached skill level 1 in Throwing
  3116 | D:4      | Gained mutation: You have a pair of large antennae on your
                  | head. (SInv) [demonic ancestry]
  3116 | D:4      | Reached XP level 6. HP: 43/43 MP: 9/10
  3570 | D:5      | Entered Level 5 of the Dungeon
  3593 | D:5      | Learned a level 3 spell: Stone Arrow
  3614 | D:5      | Reached skill level 1 in Staves
  3635 | D:5      | Noticed Ijyb
  3644 | D:5      | Killed Ijyb
  3857 | D:5      | Found a staircase to the Ecumenical Temple.
  3866 | D:5      | Reached **** piety under Cheibriados
  4097 | D:5      | Gained mutation: You are partially covered in sharp spines.
                  | [demonic ancestry]
  4097 | D:5      | Reached XP level 7. HP: 49/49 MP: 12/12
  4393 | D:6      | Reached skill level 1 in Conjurations
  4416 | D:6      | Reached skill level 1 in Earth Magic
  4768 | D:6      | Noticed a yak
  4770 | D:6      | Noticed a yak
  4770 | D:6      | Noticed a yak
  4770 | D:6      | Noticed a yak
  4771 | D:6      | Noticed a yak
  4771 | D:6      | Noticed a yak
  4774 | D:6      | Killed a yak
  4774 | D:6      | Killed a yak
  4775 | D:6      | Reached skill level 6 in Necromancy
  4775 | D:6      | Gained mutation: A weak demonic guardian rushes to your
                  | aid. [demonic ancestry]
  4775 | D:6      | Reached XP level 8. HP: 51/57 MP: 13/13
  5220 | D:7      | You fall into a shaft and drop 1 floor!
  5266 | D:8      | Reached XP level 9. HP: 61/62 MP: 15/15
  5324 | D:7      | Reached skill level 1 in Shields
  5819 | D:7      | Found an opulent altar of Gozag.
  5960 | D:7      | Found a broken altar of Ashenzari.
  6017 | D:8      | Learned a level 5 spell: Agony
  6236 | D:8      | Found a staircase to the Lair.
  6264 | D:8      | Reached ***** piety under Cheibriados
  6503 | D:8      | Found Ythraodde's Magic Scroll Shop.
  6508 | D:8      | Bought a scroll of magic mapping for 82 gold pieces
  6508 | D:8      | Bought a scroll of identify for 22 gold pieces
  6508 | D:8      | Bought a scroll of fear for 44 gold pieces
  6508 | D:8      | Bought a scroll of fear for 44 gold pieces
  6508 | D:8      | Bought a scroll of poison for 44 gold pieces
  6508 | D:8      | Bought a scroll of teleportation for 33 gold pieces
  6651 | D:8      | Identified the +7 long sword "Gudaufebru" {flame, rF+
                  | Dex+3}
  6891 | Lair:1   | Entered Level 1 of the Lair of Beasts
  6891 | Lair:1   | Noticed a rime drake
  6898 | Lair:1   | Killed a rime drake
  6899 | Lair:1   | Reached skill level 7 in Necromancy
  6933 | Lair:1   | Noticed a skyshark
  6934 | Lair:1   | Noticed a cane toad
  6935 | Lair:1   | Noticed a rime drake
  6938 | Lair:1   | Noticed suzumiya's ghost (novice MiFi)
  6948 | Lair:1   | Found a transporter.
  7043 | Lair:1   | Noticed a komodo dragon
  7058 | Lair:1   | Killed a komodo dragon
  7141 | Lair:1   | Paralysed by a floating eye for 3 turns
  7147 | Lair:1   | Paralysed by a floating eye for 4 turns
  7154 | Lair:1   | Reached skill level 5 in Spellcasting
  7154 | Lair:1   | Noticed an oklob plant
  7216 | Lair:1   | Noticed a cane toad
  7224 | Lair:1   | Killed a cane toad
  7225 | Lair:1   | Reached XP level 10. HP: 24/71 MP: 16/17
  7494 | Lair:1   | Noticed a cane toad
  7510 | Lair:1   | Killed a cane toad
  7667 | Lair:1   | Found a transporter.
  7764 | Lair:1   | Noticed an oklob plant
  8172 | Lair:2   | Learned a level 2 spell: Static Discharge
  8396 | Lair:2   | Found a staircase to the Swamp.
  8396 | Lair:2   | Noticed a ghost crab
  8407 | Lair:2   | Killed a ghost crab
  8566 | Lair:2   | Noticed a cane toad
  8571 | Lair:2   | Killed a cane toad
  8703 | Lair:2   | Noticed a boulder beetle
  8721 | Lair:2   | Killed a boulder beetle
  9000 | Lair:2   | Noticed a cane toad
  9005 | Lair:2   | Killed a cane toad
  9006 | Lair:2   | Reached skill level 5 in Invocations
  9482 | Lair:2   | Noticed a torpor snail
  9493 | Lair:2   | Killed a torpor snail
  9494 | Lair:2   | Reached skill level 8 in Necromancy
  9504 | Lair:2   | Gained mutation: You are partially covered in large bone
                  | plates. (SH +4) [demonic ancestry]
  9504 | Lair:2   | Reached XP level 11. HP: 56/78 MP: 8/19
  9894 | Swamp:1  | Entered Level 1 of the Swamp
  9894 | Swamp:1  | Noticed a ghost crab
  9905 | Swamp:1  | Noticed a spectral anaconda
  9909 | Swamp:1  | Killed a ghost crab
  9910 | Swamp:1  | Noticed an alligator
  9915 | Swamp:1  | Noticed a swamp dragon
  9919 | Swamp:1  | Killed an alligator
  9935 | Swamp:1  | Engulfed by a swamp dragon's poison gas

Illustrated notes

Levels and vault maps discovered:
D:1:      heliophobic_arrival_henge, layout_rooms
D:2:      layout_basic, chequers_ecumenical_altar_simple_redux
D:3:      layout_rooms, grunt_ministairs_4, nicolae_figureground_sparkle,
          uniq_crazy_yiuf_cottage, uniq_robin
D:4:      layout_basic, minivault_11
D:5:      layout_loops_cross, minmay_temple_entry_gardened_gates, uniq_ijyb
D:6:      layout_basic
D:7:      layout_cave_pools, lemuel_round_altar, grunt_gozag_statues,
          nicolae_water_bricks
D:8:      layout_loops_cross, erik_lair_orcish_takeover, serial_shops, shop
Lair:1:   layout_chaotic_city, gammafunk_ghost_arena, disabler_island,
          infiniplex_staircase_pool
Lair:2:   layout_roguey, nicolae_swamp_entry_spooky, nzn_sisyphean_effort
Swamp:1:  layout_basic_swamp, evilmike_swamp_ruin_house_6

Skill      XL: |  1  2  3  4  5  6  7  8  9 10 11 |
---------------+----------------------------------+-----
Necromancy     | 5 6 7 8 |  8.4
Stealth        | 2 3 4 |  4.8
Dodging        | 2 3 4 |  4.4
Armour         | 1 2 3 4 |  4.5
Invocations    | 1 2 3 4 5 |  5.5
Evocations     | 1 2 3 4 |  4.3
Fighting       | 1 2 3 4 |  4.9
Throwing       | 1 2 3 4 |  4.2
Spellcasting   | 3 4 5 6 |  6.1
Staves         | 1 2 3 4 |  4.8
Conjurations   | 1 2 3 4 |  4.2
Earth Magic    | 1 2 3 |  3.7
Shields        | 1 |  1.2
Unarmed Combat | |  0.1

Action                     |  1- 3 |  4- 6 |  7- 9 | 10-12 || total
---------------------------+-------+-------+-------+-------++-------
  Melee: Unarmed           |     8 |       |       |       ||     8
         Quarterstaff      |     5 |    98 |    98 |    49 ||   250
  Throw: Dart              |    21 |    10 |     3 |     2 ||    36
         Boomerang         |       |       |       |     1 ||     1
   Cast: Necrotise         |    69 |     9 |       |       ||    78
         Vampiric Draining |     2 |    32 |    40 |    25 ||    99
         Animate Dead      |       |       |     1 |     1 ||     2
         Stone Arrow       |       |       |       |     8 ||     8
         Static Discharge  |       |       |       |     6 ||     6
         Agony             |       |       |       |     3 ||     3
 Invoke: Bend Time         |       |     3 |     1 |       ||     4
         Slouch            |       |       |       |     3 ||     3
Ability: Evoke Invisibilit |       |       |       |     1 ||     1
  Evoke: Wand              |       |     1 |    13 |    21 ||    35
    Use: Potion            |     1 |     2 |     4 |     6 ||    13
         Scroll            |     1 |     5 |     9 |     2 ||    17
   Stab: Sleeping          |       |     5 |     2 |     2 ||     9
         Distracted        |       |       |       |     2 ||     2
 Armour: Robe              |    15 |       |       |       ||    15
         Ring mail         |    17 |    77 |    61 |    60 ||   215
  Dodge: Dodged            |    55 |   102 |    86 |    86 ||   329
  Block: Other             |       |     8 |    35 |    31 ||    74
         Reflection        |       |       |     1 |       ||     1
